 Dungeon Crawl Stone Soup version 0.23-a0-38-g6d804a8 (webtiles) character file.

87 iamserjio the Ducker (level 4, -1/31 HPs)
             Began as an Octopode Berserker on Aug 5, 2018.
             Was a Believer of Trog.
             Slain by a big kobold (7 damage)
             ... on level 3 of the Dungeon.
             The game lasted 00:06:10 (1085 turns).

iamserjio the Ducker (Octopode Berserker)           Turns: 1085, Time: 00:06:11

Health: -1/31      AC:  1    Str: 16    XL:     4   Next: 51%
Magic:  4/4        EV: 14    Int:  9    God:    Trog [**....]
Gold:   130        SH:  3    Dex: 12    Spells: 3/3 levels left

rFire    . . .     SeeInvis .   p - +0 dagger (venom)
rCold    . . .     Gourm    .   j - +0 buckler
rNeg     . . .     Faith    .   (helmet restricted)
rPois    .         Spirit   .   (no amulet)
rElec    .         Reflect  .   (no ring)
rCorr    .         Harm     .   (no ring)
MR       ++...                  (no ring)
Stlth    +++.......             (no ring)
HPRegen  1.10/turn              (no ring)
MPRegen  0.09/turn              (no ring)
                                (no ring)
                                (no ring)

@: regenerating
A: almost no armour, stealthy swim, amphibious, 8 rings, constrict 8, camouflage
1, gelatinous body 1
a: Berserk, Trog's Hand, Renounce Religion


You were on level 3 of the Dungeon.
You worshipped Trog.
Trog was pleased with you.
You were very hungry.

You visited 1 branch of the dungeon, and saw 3 of its levels.

You collected 130 gold pieces.

Inventory:

Hand Weapons
 a - a +0 short sword
 k - a +0 hunting sling
 p - a +0 dagger of venom (weapon)
 s - a +0 trident
Missiles
 e - 33 stones (quivered)
 g - 13 poisoned needles
 o - 7 arrows
Armour
 j - a +0 buckler (worn)
Scrolls
 c - a scroll of identify {unknown}
 d - a scroll of fear {unknown}
 l - a scroll of enchant weapon {unknown}
 m - 2 scrolls of remove curse {unknown}
 n - a scroll of teleportation {unknown}
 q - a scroll of enchant armour {unknown}
 r - a scroll of random uselessness {unknown}
 t - a scroll of blinking {unknown}
 u - a scroll of noise {unknown}
Potions
 f - 2 potions of curing {unknown}
 h - 2 potions of haste
 i - 2 potions of ambrosia {unknown}
Comestibles
 b - 6 rations


   Skills:
 + Level 3.5 Fighting
 - Level 3.0 Short Blades
 * Level 4.2 Dodging
 + Level 2.5 Stealth
 + Level 0.4 Shields


You had 3 spell levels left.
You didn't know any spells.
Your spell library was empty.

Dungeon Overview and Level Annotations

Branches:
Dungeon (3/15)

Altars:
Gozag
Makhleb
Trog


Innate Abilities, Weirdness & Mutations

You cannot wear most types of armour.
You are very stealthy in the water. (Stealth+)
You are amphibious.
You can wear up to eight rings at the same time.
You can use your tentacles to constrict eight enemies at once.
Your skin changes colour to match your surroundings (Stealth+).
Your rubbery body absorbs attacks. (AC +1, EV +1)


Message History

You feel resistant to hostile enchantments.
You feel somewhat more hungry.
You hit the big kobold.
The big kobold looks as sick as possible!
You grab the big kobold. You squeeze the big kobold!
The big kobold is heavily wounded.
You constrict the big kobold.
You hit the big kobold but do no damage.
The big kobold looks as sick as possible!
Your squeeze misses the big kobold.
The big kobold is severely wounded.
You constrict the big kobold. The big kobold hits you.
* * * LOW HITPOINT WARNING * * *
You hit the big kobold.
The big kobold looks as sick as possible!
You squeeze the big kobold, but do no damage.
The big kobold is severely wounded.
You constrict the big kobold, but do no damage.
The big kobold hits you!
You die...

.#.#.#.. ........#
##.......#####+### .
...%............. ..
###.#.#.# ........ ...
.......#####...... ....
#.†...#[.........
.....#####..####.###......
.......)K@.......# ##....)
##.#.#)########## #......
#.....# #...### #.....8
#...# .......... #...#
#####...... #...# #.##8.#.
#...### .. #_#.# ##.....
... ## # ###.....


You could see a big kobold.

Vanquished Creatures
  3 adders (D:2)
  A worm (D:2)
  2 dart slugs (D:1)
  A leopard gecko (D:2)
  4 orcs (D:3)
  4 bats
  A giant cockroach (D:1)
  5 goblins
  6 hobgoblins
  3 jackals (D:1)
  9 kobolds
  4 frilled lizards
  9 rats
52 creatures vanquished.

Notes
Turn   | Place    | Note
-------+----------+-------------------------------------------
     0 | D:1      | iamserjio the Octopode Berserker began the quest for the Orb.
     0 | D:1      | Reached XP level 1. HP: 16/16 MP: 1/1
    50 | D:1      | Reached XP level 2. HP: 13/21 MP: 2/2
    58 | D:1      | Reached skill level 1 in Stealth
   202 | D:1      | Reached XP level 3. HP: 22/26 MP: 3/3
   203 | D:1      | Reached ** piety under Trog
   322 | D:1      | Found a burning altar of Makhleb.
   501 | D:2      | Reached skill level 4 in Dodging
   501 | D:2      | Reached XP level 4. HP: 18/31 MP: 4/4
   872 | D:2      | Found a bloodstained altar of Trog.
  1066 | D:3      | Noticed a big kobold
  1077 | D:3      | Found an opulent altar of Gozag.
  1085 | D:3      | Slain by a big kobold

Vault maps used:
D:1:      dpeg_arrival_water_altar, st_stairs_2, minmay_tripent
D:2:      bloody_trog
D:3:      minitemple, first_ration, minmay_misc_feat_diagonals,
          lightli_corner_chamber

Skill      XL: |  1  2  3 |
---------------+----------+-----
Stealth        | 1 2 |  2.5
Dodging        | 4 |  4.2
Fighting       | |  3.5
Short Blades   | |  3.0
Shields        | |  0.4

Action                   |  1- 3 |  4- 6 || total
-------------------------+-------+-------++-------
Melee: Short sword       |    59 |     6 ||    65
       Constrict         |    13 |    10 ||    23
       Tentacles         |     9 |     4 ||    13
       Dagger            |       |    35 ||    35
Throw: Stone             |       |     1 ||     1
Invok: Trog's Hand       |     1 |     1 ||     2
 Stab: Sleeping          |     6 |     9 ||    15
Armor: Skin              |     3 |     1 ||     4
Dodge: Dodged            |    35 |    20 ||    55
Block: Buckler           |     2 |     7 ||     9

Table legend:
 A = Spawn XP
 B = Non-spawn XP
 C = Spawn XP percentage of total XP
 D = Spawn monster count
 E = Non-spawn monster count
 F = Spawn count percentage of total count
 G = Total turns spent on level
                    A         B        C        D         E        F      G
               +---------+---------+-------+---------+---------+-------+---------
         Total |       0 |     125 |   0.0 |       0 |      52 |   0.0 |  1085
               +---------+---------+-------+---------+---------+-------+---------
           D:1 |       0 |      41 |   0.0 |       0 |      25 |   0.0 |   456
           D:2 |       0 |      70 |   0.0 |       0 |      21 |   0.0 |   543
           D:3 |       0 |      14 |   0.0 |       0 |       6 |   0.0 |    86
               +---------+---------+-------+---------+---------+-------+---------
